TOP OF THE 1ST |
University of Florida Gators batting - Pitching for University of Maine Black Bears : RHP Gerhardt Kremer
|
Pitching: RHP Gerhardt Kremer
|
|
Batting: RHB Hyeon-cheong Lee
|
0-0: Called Strike 0-1: Called Strike 0-2: Strikes out swinging
|
Batting: RHB George Bigalow
|
0-0: Ball 1-0: Foul Ball, location: 2F 1-1: Foul Ball, location: 2F 1-2: Strikes out swinging
|
Batting: RHB Liann-wei Tian
|
0-0: DOUBLE (Flyball, 7LM, EV 103.8 MPH)
|
Batting: RHB Matt Ladd
|
0-0: Swinging Strike 0-1: Called Strike 0-2: Foul Ball, location: 2F 0-2: Ball 1-2: Foul Ball, location: 2F 1-2: Foul Ball, location: 2F 1-2: Strikes out swinging
|
Top of the 1st over - 0 runs, 1 hit, 0 errors, 1 left on base; University of Florida 0 - University of Maine 0 |
BOTTOM OF THE 1ST |
University of Maine Black Bears batting - Pitching for University of Florida Gators : LHP Mickey Leamy
|
Pitching: LHP Mickey Leamy
|
|
Batting: RHB Rhett Collyer
|
0-0: Ball 1-0: Called Strike 1-1: Swinging Strike 1-2: Strikes out looking
|
Batting: RHB Mario Romero
|
0-0: Ball 1-0: Ball 2-0: Foul Ball, location: 2F 2-1: Fly out, F4 (Line Drive, 4, EV 65.6 MPH)
|
Batting: RHB Jorge Robles
|
0-0: Ball 1-0: Called Strike 1-1: Swinging Strike 1-2: Ball 2-2: Strikes out swinging
|
Bottom of the 1st over - 0 runs, 0 hits, 0 errors, 0 left on base; University of Florida 0 - University of Maine 0 |
TOP OF THE 2ND |
University of Florida Gators batting - Pitching for University of Maine Black Bears : RHP Gerhardt Kremer
|
Batting: RHB Eric Amaya
|
0-0: Ball 1-0: Foul Ball, location: 2F 1-1: Ball 2-1: Called Strike 2-2: Ground out U3 (Groundball, 34S, EV 70.0 MPH)
|
Batting: RHB Rafael Casas
|
0-0: Ball 1-0: Called Strike 1-1: Foul Ball, location: 2F 1-2: Foul Ball, location: 2F 1-2: Ball 2-2: Ground out U3 (Groundball, 3S, EV 71.2 MPH)
|
Batting: RHB Malmoud Tarik
|
0-0: Called Strike 0-1: Ball 1-1: Ball 2-1: Foul Ball, location: 2F 2-2: Strikes out looking
|
Top of the 2nd over - 0 runs, 0 hits, 0 errors, 0 left on base; University of Florida 0 - University of Maine 0 |
BOTTOM OF THE 2ND |
University of Maine Black Bears batting - Pitching for University of Florida Gators : LHP Mickey Leamy
|
Batting: RHB Randy Hopper
|
0-0: Ball 1-0: Foul Ball, location: 2F 1-1: Swinging Strike 1-2: Strikes out swinging
|
Batting: SHB Zachery Shearen
|
0-0: Ball 1-0: Ground out 5-3 (Groundball, 56S, EV 81.2 MPH)
|
Batting: RHB Brent Fournier
|
0-0: Called Strike 0-1: Ball 1-1: Ground out 4-3 (Groundball, 34, EV 106.2 MPH)
|
Bottom of the 2nd over - 0 runs, 0 hits, 0 errors, 0 left on base; University of Florida 0 - University of Maine 0 |
TOP OF THE 3RD |
University of Florida Gators batting - Pitching for University of Maine Black Bears : RHP Gerhardt Kremer
|
Batting: RHB Joe Gilbert
|
0-0: Ball 1-0: Called Strike 1-1: Called Strike 1-2: Ball 2-2: Foul Ball, location: 2F 2-2: Ground out 4-3 (Groundball, 4M, EV 83.8 MPH)
|
Batting: RHB Ovidiu Kober
|
0-0: Called Strike 0-1: Foul Ball, location: 2F 0-2: Ball 1-2: Foul Ball, location: 2F 1-2: Fly out, F7 (Flyball, 7, EV 79.4 MPH)
|
Batting: RHB Hyeon-cheong Lee
|
0-0: Swinging Strike 0-1: Foul Ball, location: 2F 0-2: Ball 1-2: Foul Ball, location: 2F 1-2: Ground out 4-3 (Groundball, 4S, EV 85.6 MPH)
|
Top of the 3rd over - 0 runs, 0 hits, 0 errors, 0 left on base; University of Florida 0 - University of Maine 0 |
BOTTOM OF THE 3RD |
University of Maine Black Bears batting - Pitching for University of Florida Gators : LHP Mickey Leamy
|
Batting: RHB Bill Bethea
|
0-0: Ball 1-0: Ball 2-0: Foul Ball, location: 2F 2-1: Called Strike 2-2: Ground out 4-3 (Groundball, 4, EV 86.2 MPH)
|
Batting: SHB Karst van der Veer
|
0-0: Ball 1-0: Ball 2-0: Foul Ball, location: 2F 2-1: Ground out 6-3 (Groundball, 6, EV 88.1 MPH)
|
Batting: LHB Xavier Espinoza
|
0-0: Called Strike 0-1: Swinging Strike 0-2: Ball 1-2: Fly out, F7 (Line Drive, 78M, EV 95.6 MPH)
|
Bottom of the 3rd over - 0 runs, 0 hits, 0 errors, 0 left on base; University of Florida 0 - University of Maine 0 |
TOP OF THE 4TH |
University of Florida Gators batting - Pitching for University of Maine Black Bears : RHP Gerhardt Kremer
|
Batting: RHB George Bigalow
|
0-0: Called Strike 0-1: Foul Ball, location: 2F 0-2: Ball 1-2: Foul Ball, location: 2F 1-2: Ball 2-2: Foul Ball, location: 2F 2-2: Ball 3-2: Reached on error, E6 (Groundball, 6, EV 76.9 MPH)
|
Batting: RHB Liann-wei Tian
|
0-0: SINGLE (Line Drive, 9S, EV 90.0 MPH) George Bigalow to second Runner from 2nd tries for 3rd, SAFE, throw by RF made to third
|
Batting: RHB Matt Ladd
|
0-0: Ball 1-0: Ball 2-0: Foul Ball, location: 2F 2-1: Ground out 5-3 (Groundball, 56S, EV 83.8 MPH) Liann-wei Tian to second
|
Batting: RHB Eric Amaya
|
0-0: Swinging Strike 0-1: Ball 1-1: Called Strike 1-2: Strikes out swinging
|
Batting: RHB Rafael Casas
|
0-0: Foul Ball, location: 2F 0-1: Foul Ball, location: 2F 0-2: Ball 1-2: Ball 2-2: Strikes out swinging
|
Top of the 4th over - 0 runs, 1 hit, 1 error, 2 left on base; University of Florida 0 - University of Maine 0 |
BOTTOM OF THE 4TH |
University of Maine Black Bears batting - Pitching for University of Florida Gators : LHP Mickey Leamy
|
Batting: RHB Rhett Collyer
|
0-0: Called Strike 0-1: Ground out 4-3 (Groundball, 4M, EV 83.8 MPH)
|
Batting: RHB Mario Romero
|
0-0: Called Strike 0-1: Called Strike 0-2: Ball 1-2: Strikes out swinging
|
Batting: RHB Jorge Robles
|
0-0: Foul Ball, location: 2F 0-1: Ball 1-1: Foul Ball, location: 2F 1-2: Ball 2-2: Fly out, F3 (Popup, 23F, EV 93.1 MPH)
|
Bottom of the 4th over - 0 runs, 0 hits, 0 errors, 0 left on base; University of Florida 0 - University of Maine 0 |
TOP OF THE 5TH |
University of Florida Gators batting - Pitching for University of Maine Black Bears : RHP Gerhardt Kremer
|
Pitching: RHP Ramon Mares
|
|
Now at 3B: Roberto Marroquin
|
|
Batting: RHB Malmoud Tarik
|
0-0: Ball 1-0: Called Strike 1-1: Swinging Strike 1-2: Foul Ball, location: 2F 1-2: Ground out 5-3 (Groundball, 56S, EV 92.5 MPH)
|
Batting: RHB Joe Gilbert
|
0-0: Ball 1-0: Swinging Strike 1-1: Called Strike 1-2: Ball 2-2: Strikes out swinging
|
DELAY
|
Rain delay of 50 minutes in the 5th inning.
|
Batting: RHB Ovidiu Kober
|
0-0: Called Strike 0-1: Swinging Strike 0-2: Strikes out swinging
|
Top of the 5th over - 0 runs, 0 hits, 0 errors, 0 left on base; University of Florida 0 - University of Maine 0 |
BOTTOM OF THE 5TH |
University of Maine Black Bears batting - Pitching for University of Florida Gators : LHP Mickey Leamy
|
Now at C: Luis Arroyo
|
|
Now at 3B: George Hyde
|
|
Batting: RHB Randy Hopper
|
0-0: SINGLE (Groundball, 6D, EV 100.6 MPH)
|
Batting: SHB Zachery Shearen
|
0-0: Fly out, F9 (Line Drive, 9, EV 92.5 MPH)
|
Batting: RHB Brent Fournier
|
0-0: Swinging Strike 0-1: Ball 1-1: Foul Ball, location: 2F 1-2: Fielders Choice at 2nd, 4-6 (Groundball, 4, EV 81.9 MPH)
|
Batting: RHB Bill Bethea
|
0-0: Called Strike 0-1: Ball 1-1: SINGLE (Groundball, 6D, EV 98.1 MPH) Brent Fournier to second
|
Batting: SHB Karst van der Veer
|
0-0: Called Strike 0-1: Ball 1-1: Called Strike 1-2: Ball Wild Pitch! Brent Fournier to third Bill Bethea to second 2-2: Strikes out looking
|
Bottom of the 5th over - 0 runs, 2 hits, 0 errors, 2 left on base; University of Florida 0 - University of Maine 0 |
TOP OF THE 6TH |
University of Florida Gators batting - Pitching for University of Maine Black Bears : RHP Ramon Mares
|
Pinch Hitting: RHB Mike Paynter
|
0-0: Ball 1-0: Called Strike 1-1: Ball 2-1: Swinging Strike 2-2: Strikes out swinging
|
Pinch Hitting: RHB Jin-hoi Hur
|
0-0: Swinging Strike 0-1: Foul Ball, location: 2F 0-2: Ball 1-2: Strikes out swinging
|
Batting: RHB Liann-wei Tian
|
0-0: Foul Ball, location: 2F 0-1: Foul Ball, location: 2F 0-2: Ball 1-2: Strikes out looking
|
Top of the 6th over - 0 runs, 0 hits, 0 errors, 0 left on base; University of Florida 0 - University of Maine 0 |
BOTTOM OF THE 6TH |
University of Maine Black Bears batting - Pitching for University of Florida Gators : LHP Mickey Leamy
|
Pitching: RHP Brad Agee
|
|
Now at 2B: Jin-hoi Hur
|
|
Now in LF: Eric Amaya
|
|
Now in CF: Adrian Lough
|
|
Now in RF: Jonas Lynn
|
|
Batting: LHB Xavier Espinoza
|
0-0: Bunted foul 0-1: Ball 1-1: Called Strike 1-2: Foul Ball, location: 2F 1-2: Strikes out swinging
|
Batting: SHB Adam Schroeder
|
0-0: SOLO HOME RUN (Flyball, 89XD, EV 104.4 MPH), Distance : 419 ft
|
Batting: RHB Roberto Marroquin
|
0-0: Ball 1-0: Ball 2-0: Foul Ball, location: 2F 2-1: Ball 3-1: Foul Ball, location: 2F 3-2: Ground out 6-3 (Groundball, 6, EV 85.0 MPH)
|
Batting: RHB Jorge Robles
|
0-0: Foul Ball, location: 2F 0-1: Foul Ball, location: 2F 0-2: DOUBLE (Line Drive, 9LD, EV 110.6 MPH)
|
Pinch Hitting: LHB Steve Beaulieu
|
0-0: Ball 1-0: Ball 2-0: Foul Ball, location: 2F 2-1: Foul Ball, location: 2F 2-2: Ball 3-2: Foul Ball, location: 2F 3-2: Fly out, F9 (Line Drive, 89D, EV 90.0 MPH)
|
Bottom of the 6th over - 1 run, 2 hits, 0 errors, 1 left on base; University of Florida 0 - University of Maine 1 |
TOP OF THE 7TH |
University of Florida Gators batting - Pitching for University of Maine Black Bears : RHP Ramon Mares
|
Pitching: RHP Kyle Antonacci
|
|
Now in CF: Steve Beaulieu
|
|
Batting: RHB Matt Ladd
|
0-0: Ball 1-0: Ground out 6-3 (Groundball, 6, EV 78.8 MPH)
|
Batting: RHB Eric Amaya
|
0-0: Ball 1-0: SINGLE (Groundball, 34D, EV 104.4 MPH)
|
Batting: RHB Rafael Casas
|
0-0: Ball Eric Amaya steals 2nd base 1-0: SINGLE (Groundball, P, EV 79.4 MPH) (infield hit) Eric Amaya to third
|
Batting: RHB George Hyde
|
0-0: Ball Rafael Casas is caught stealing 2nd base 2-4 1-0: Foul Ball, location: 2F 1-1: Ball 2-1: Called Strike 2-2: Ball 3-2: Fly out, F9 (Flyball, 9S, EV 90.0 MPH)
|
Top of the 7th over - 0 runs, 2 hits, 0 errors, 1 left on base; University of Florida 0 - University of Maine 1 |
BOTTOM OF THE 7TH |
University of Maine Black Bears batting - Pitching for University of Florida Gators : RHP Brad Agee
|
Pitching: LHP Dan Melman
|
|
Batting: SHB Zachery Shearen
|
0-0: Ball 1-0: Ball 2-0: Ball 3-0: Called Strike 3-1: Swinging Strike 3-2: Ground out 5-3 (Groundball, 56S, EV 68.1 MPH)
|
Batting: RHB Brent Fournier
|
0-0: Foul Ball, location: 2F 0-1: Foul Ball, location: 2F 0-2: Ball 1-2: Ball 2-2: Ball 3-2: Base on Balls
|
Batting: RHB Bill Bethea
|
0-0: Foul Ball, location: 2F 0-1: Ball 1-1: Called Strike Brent Fournier is caught stealing 2nd base 2-4 1-2: Strikes out swinging
|
Bottom of the 7th over - 0 runs, 0 hits, 0 errors, 0 left on base; University of Florida 0 - University of Maine 1 |
TOP OF THE 8TH |
University of Florida Gators batting - Pitching for University of Maine Black Bears : RHP Kyle Antonacci
|
Pitching: LHP David Wright
|
|
Batting: RHB Adrian Lough
|
0-0: Ball 1-0: Foul Ball, location: 2F 1-1: Ball 2-1: Fly out, F6 (Line Drive, 6, EV 65.0 MPH)
|
Batting: RHB Luis Arroyo
|
0-0: Called Strike 0-1: Foul Ball, location: 2F 0-2: Ball 1-2: SINGLE (Groundball, 56, EV 85.6 MPH) (infield hit)
|
Batting: LHB Jonas Lynn
|
0-0: Foul Ball, location: 2F 0-1: Ball 1-1: Foul Ball, location: 2F 1-2: Ball 2-2: Ball 3-2: Fly out, F9 (Flyball, 89S, EV 85.6 MPH)
|
Batting: RHB Jin-hoi Hur
|
0-0: Ball 1-0: Called Strike 1-1: Swinging Strike 1-2: Strikes out swinging
|
Top of the 8th over - 0 runs, 1 hit, 0 errors, 1 left on base; University of Florida 0 - University of Maine 1 |
BOTTOM OF THE 8TH |
University of Maine Black Bears batting - Pitching for University of Florida Gators : LHP Dan Melman
|
Pitching: LHP Danny Ruiz
|
|
Pinch Hitting: RHB Matthew Vinson
|
0-0: Ground out 6-3 (Groundball, 6, EV 102.5 MPH)
|
Pinch Hitting: RHB Trevor Distel
|
0-0: Foul Ball, location: 2F 0-1: Ball 1-1: Ball 2-1: Called Strike 2-2: Foul Ball, location: 2F 2-2: Ball 3-2: Foul Ball, location: 2F 3-2: Foul Ball, location: 2F 3-2: Strikes out swinging, 2-3 out at first.
|
Batting: SHB Adam Schroeder
|
0-0: Ball 1-0: Foul Ball, location: 2F 1-1: Called Strike 1-2: Foul Ball, location: 2F 1-2: Strikes out swinging
|
Bottom of the 8th over - 0 runs, 0 hits, 0 errors, 0 left on base; University of Florida 0 - University of Maine 1 |
TOP OF THE 9TH |
University of Florida Gators batting - Pitching for University of Maine Black Bears : LHP David Wright
|
Pitching: LHP Pete Tiller
|
|
Now in LF: Matthew Vinson
|
|
Now in RF: Trevor Distel
|
|
Batting: RHB Liann-wei Tian
|
0-0: Called Strike 0-1: Foul Ball, location: 2F 0-2: SOLO HOME RUN (Flyball, 7D, EV 109.4 MPH), Distance : 416 ft
|
Batting: RHB Matt Ladd
|
0-0: Called Strike 0-1: Foul Ball, location: 2F 0-2: Ball 1-2: Foul Ball, location: 2F 1-2: Foul Ball, location: 2F 1-2: Fly out, F7 (Flyball, 7D, EV 108.1 MPH)
|
Batting: RHB Eric Amaya
|
0-0: Swinging Strike 0-1: Ball 1-1: Foul Ball, location: 2F 1-2: Ball 2-2: Strikes out swinging
|
Batting: RHB Rafael Casas
|
0-0: Called Strike 0-1: Ball 1-1: Fly out, F7 (Line Drive, 7LM, EV 98.8 MPH)
|
Top of the 9th over - 1 run, 1 hit, 0 errors, 0 left on base; University of Florida 1 - University of Maine 1 |
BOTTOM OF THE 9TH |
University of Maine Black Bears batting - Pitching for University of Florida Gators : LHP Danny Ruiz
|
Pitching: LHP Fu-Kang Yun
|
|
Batting: RHB Roberto Marroquin
|
0-0: Ball 1-0: SOLO HOME RUN (Flyball, 9D, EV 97.5 MPH), Distance : 378 ft
|
Bottom of the 9th over - 1 run, 1 hit, 0 errors, 0 left on base; University of Florida 1 - University of Maine 2 |
|